 Dungeon Sprint DCSS version 0.29-a0-334-gb41bcbb86e (webtiles) character file.

Game seed: 9533730705818781756

15 mhtbhm the Skirmisher (level 2, -3/20 HPs)
             Began as a Kobold Berserker on Apr 13, 2022.
             Was a Believer of Trog.
             Slain by a scorpion (6 damage)
             ... in the Dungeon (Sprint IX: "|||||||||||||||||||||||||||||").
             The game lasted 00:00:10 (210 turns).

mhtbhm the Skirmisher (Kobold Berserker)             Turns: 210, Time: 00:00:12

Health: -3/20      AC:  2    Str: 14    XL:     2   Next: 65%
Magic:  2/2        EV: 15    Int:  8    God:    Trog [**....]
Gold:   0          SH:  0    Dex: 14    Spells: 1/1 levels left

rFire   . . .      SeeInvis .   a - +0 mace
rCold   . . .      Faith    .   (no shield)
rNeg    . . .      Spirit   .   b - +0 animal skin
rPois   .          Reflect  .   (no helmet)
rElec   .          Harm     .   (no cloak)
rCorr   .          Rampage  .   (no gloves)
Will    .....      NoTele   +   (no boots)
Stlth   ++........              (no amulet)
HPRegen 0.06/turn               (no ring)
MPRegen 0.08/turn               (no ring)

@: lethally poisoned (-3 -> -11), on berserk cooldown, slowed, very slow
A: small, no large weapons, nightstalker 3
a: Renounce Religion, Berserk, Trog's Hand


You were in the Dungeon.
You worshipped Trog.
Trog was pleased with you.
You visited 1 branch

Inventory:

Hand Weapons
 a - a +0 mace (weapon)
Armour
 b - a +0 animal skin (worn)
Scrolls
 h - a scroll of blinking
Potions
 c - a potion of curing
 d - a potion of heal wounds
 e - a potion of haste
 f - 2 potions of magic
 g - a potion of berserk rage


   Skills:
 + Level 4.6 Fighting
 + Level 3.9 Maces & Flails
 + Level 2.0 Armour
 + Level 3.1 Dodging


You had one spell level left.
You didn't know any spells.
Your spell library was empty.

Dungeon Overview and Level Annotations

Branches:
Dungeon (1/1)

Altars:


Innate Abilities, Weirdness & Mutations

You are small and have problems with some larger weapons.
You are completely attuned to the shadows.


Message History

The adder is almost dead.
The hound stops to sniff the ground.
The adder closely misses you.
You miss the adder.
The adder is severely wounded.
You feel sick. The adder barely misses you.
You sock the adder!
You feel the power of Trog in you as your rage grows.
You kill the adder!
Trog accepts your kill.
You feel sick.
Your Armour skill increases to level 2!
Your Dodging skill increases to level 3!
You have reached level 2!
Unknown command.
You closely miss the scorpion.
You feel sick. The scorpion barely misses you.
You closely miss the scorpion.
You feel sick.
You are no longer poisoned.
The scorpion misses you.
You sock the scorpion!
The scorpion is heavily wounded.
The scorpion stings you.
You are lethally poisoned!
The scorpion poisons you!
You hit the scorpion. Your punch misses the scorpion.
The scorpion is heavily wounded.
You feel very sick. The scorpion barely misses you.
You hit the scorpion.
The scorpion is heavily wounded.
* * * LOW HITPOINT WARNING * * *
You feel sick. The scorpion misses you.
You hit the scorpion.
The scorpion is severely wounded.
You are no longer berserk.
You are exhausted.
You feel yourself slow down.
* * * LOW HITPOINT WARNING * * *
You feel sick. The scorpion stings you.
You die...

▓.▓
▓.▓
▓h▓
▓s▓
▓@▓
▓.▓
▓.▓
▓†▓
▓)▓
▓'▓
▓.▓
▓.▓
▓.▓


You could see a scorpion and a hound.

Vanquished Creatures
  An adder (D)
  A ball python (D)
  A goblin (D)
  2 bats (D)
  A frilled lizard (D)
6 creatures vanquished.

Notes
Turn   | Place    | Note
-------+----------+-------------------------------------------
     0 | D        | mhtbhm the Kobold Berserker began the quest for the Orb.
     0 | D        | Reached XP level 1. HP: 14/14 MP: 1/1
    12 | D        | Reached ** piety under Trog
    22 | D        | Reached skill level 4 in Fighting
   192 | D        | Noticed a hound
   192 | D        | Noticed a scorpion
   196 | D        | Noticed a sky beast
   205 | D        | Reached XP level 2. HP: 18/20 MP: 2/2
   210 | D        | Slain by a scorpion

Illustrated notes

Levels and vault maps discovered:
D:        linesprint [early_d, line_temple, items_1, d_10, items_2, lair_1,
          lair_end, items_3, orc_1, orc_end, items_4, d_15, swamp_1, shoals_1,
          snake_1, spider_1, d_20, vaults_1, items_5, swamp_end, shoals_end,
          snake_end, spider_end, vaults_end, d_27, items_6, zot_1, zot_end,
          crypt_end, forest_end, elf_end, slime_end, tomb_end, abyss_end,
          pan_hell_end]

Skill      XL: |  1 |
---------------+----+-----
Maces & Flails | 3 |  3.9
Fighting       | 4 |  4.6
Armour         | 2 |  2.0
Dodging        | 3 |  3.1

Action                   || total
-------------------------++-------
Melee: Mace              ||    30
Invok: Berserk           ||     2
Armor: Animal skin       ||     4
Dodge: Dodged            ||    29

Table legend: (Time is in decaauts)
 A = Elapsed time spent in this place.
 B = Non-inter-level travel time spent in this place.
 C = Inter-level travel time spent in this place.
 D = Time resting spent in this place.
 E = Time spent auto-exploring this place.
 F = Levels seen in this place.
 G = Mean time per level.
                   A        B        C        D        E       F      G
               +--------+--------+--------+--------+--------+-----+--------+
         Total |    216 |    216 |      0 |    172 |      3 |   1 |  216.0 |
       Dungeon |    216 |    216 |      0 |    172 |      3 |   1 |  216.0 |
               +--------+--------+--------+--------+--------+-----+--------+

Top non-repeatable levels by time:
       D: 216 daAuts
